 Dungeon Crawl Stone Soup version 0.17.2-1-ge4368a0 (webtiles) character file.

128 rlgrobin the Insei (level 4, -1/35 HPs)
             Began as a Mummy Monk on Apr 15, 2017.
             Slain by a kobold
             ... wielding a +0 short sword
              (3 damage)
             ... on level 3 of the Dungeon.
             The game lasted 00:03:48 (4144 turns).

rlgrobin the Insei (Mummy Monk)                     Turns: 4144, Time: 00:03:48

Health: -1/35      AC:  1    Str: 14    XL:     4   Next: 86%
Magic:  4/4        EV: 13    Int:  9    God:
Gold:   64         SH:  0    Dex: 15    Spells: 0 memorised, 3 levels left

rFire  . . .     SeeInvis .       - Unarmed
rCold  + . .     Clarity  .     (no armour)
rNeg   + + +     SustAt   .     (no shield)
rPois  ∞         Gourm    .     (no helmet)
rElec  .         Spirit   .     (no cloak)
rCorr  .         Warding  .     (no gloves)
rMut   .         Stasis   .     (no boots)
MR     .....                    (no amulet)
Stlth  ++........               f - +1 ring of protection
                                j - ring of protection from fire

@: not resistant to hostile enchantments, unstealthy
A: no food or potions, fire vulnerability, cold resistance 1, negative energy
resistance 3, torment resistance, unbreathing
a: no special abilities


You were on level 3 of the Dungeon.
You were not hungry.

You visited 1 branch of the dungeon, and saw 3 of its levels.

You collected 64 gold pieces.


Innate Abilities, Weirdness & Mutations

You do not eat or drink.
Your flesh is vulnerable to fire.
You are immune to poison.
Your flesh is cold resistant.
You are immune to negative energy.
You are immune to unholy pain and torment.
You can survive without breathing.


   Skills:
 + Level 3.0 Fighting
 - Level 2.4 Dodging
 - Level 1.5 Stealth
 - Level 5.2 Unarmed Combat


You had 3 spell levels left.
You didn't know any spells.

Inventory:

Jewellery
 e - an uncursed ring of fire
 f - a +1 ring of protection (right hand)
 j - a ring of protection from fire (left hand)
Scrolls
 a - a scroll of enchant armour {unknown}
 b - a scroll of random uselessness {unknown}
 c - 2 scrolls of immolation {unknown}
 d - 3 scrolls of identify {unknown}
 g - a scroll of teleportation {unknown}
 h - a scroll of remove curse {unknown}
 i - a scroll of amnesia {unknown}

Dungeon Overview and Level Annotations

Branches:
Dungeon (3/15)

Altars:

▒ ▒.▒ ▒▒▒▒▒▒▒▒▒ ▒▒▒▒▒▒▒▒▒.▒
........▒.▒ ▒.....▒ ▒▒▒▒
▒▒▒▒▒...▒.▒ ▒.....▒ ▒...
▒...▒.▒ ▒.....▒ ▒... ▒...▒)▒
▒▒▒▒.....▒ ▒.[. ▒...▒.▒
▒▒▒........▒▒▒...
▒▒▒.▒.▒▒▒▒▒▒▒............▒...
▒.▒.......MK...........▒...
▒.▒▒▒▒▒▒▒▒▒................
▒.▒......▒▒........▒......)
▒.▒.▒▒▒▒.▒▒........▒((.....
▒.▒.▒▒▒▒.▒▒▒▒......▒▒▒▒....
▒............▒▒▒.▒▒▒ ▒....
▒▒▒.▒▒▒▒.▒▒▒.▒ ▒.▒ ▒.... ▒.▒
▒.▒ ▒.▒ ▒.▒ ▒!... ▒.▒ ▒.▒ ▒.▒
▒.▒ ▒....


You could see a kobold.


Message History

You barely miss the orc wizard!
The orc wizard is moderately wounded!
The orc wizard barely misses you!
The orc wizard hits you with a dagger! * * * don't die
* * * You take 6 damage, and have 8/35 hp!
You beat the orc wizard into a bloody pulp!
The orc wizard is heavily wounded!
The orc wizard closely misses you!
You closely miss the orc wizard!
The orc wizard is heavily wounded!
The orc wizard hits you but does no damage!
You pummel the orc wizard like a punching bag!
The orc wizard is severely wounded!
The orc wizard closely misses you!
The orc wizard hits you with a dagger! * * * don't die
* * * You take 4 damage, and have 4/35 hp!
You pummel the orc wizard like a punching bag!
You annihilate the orc wizard!!!
Your Unarmed Combat skill increases to level 5!!!
A kobold comes into view! It is wielding a short sword!
You close the door!
You start resting!
A kobold opens the door!
It is wielding a short sword!
The kobold closely misses you!
There is an open door here!
You closely miss the kobold!
The kobold hits you with a short sword! * * * don't die
* * * You take 5 damage, and have 2/35 hp!
You barely miss the kobold!
The kobold hits you with a short sword! rip

Action                   |  1- 3 |  4- 6 || total
-------------------------+-------+-------++-------
Melee: Unarmed           |   179 |    61 ||   240
 Stab: Sleeping          |     3 |     1 ||     4

Vault maps used:
D:1:      dpeg_arrival_oval
D:2:      amalloy_card_club

Notes
Turn   | Place    | Note
--------------------------------------------------------------
     0 | D:1      | rlgrobin the Mummy Monk began the quest for the Orb.
     0 | D:1      | Reached XP level 1. HP: 18/18 MP: 1/1
   355 | D:1      | Reached XP level 2. HP: 24/24 MP: 2/2
  1114 | D:1      | Reached skill level 4 in Unarmed Combat
  1328 | D:2      | Reached XP level 3. HP: 7/29 MP: 3/3
  1373 | D:1      | HP: 2/29 [jackal (2)]
  3044 | D:2      | Reached XP level 4. HP: 35/35 MP: 4/4
  4124 | D:3      | Reached skill level 5 in Unarmed Combat
  4143 | D:3      | HP: 2/35 [kobold/short sword (5)]
  4144 | D:3      | Slain by a kobold

Vanquished Creatures
  An orc wizard (D:3)
  4 adders
  2 worms (D:2)
  2 giant geckos
  An orc (D:3)
  7 hobgoblins
  4 jackals
  12 kobolds
  A quokka (D:3)
  5 bats
  3 giant cockroaches
  A giant newt (D:1)
  4 goblins
  6 rats
53 creatures vanquished.
